 Dungeon Crawl Stone Soup version 0.18-a0-844-g9229740 (webtiles) character file.

118894 Duffy the Severer (level 16, 110/152 HPs)
             Began as a Deep Dwarf Gladiator on Dec 18, 2015.
             Was the Champion of Makhleb.
             Quit the game on level 3 of the Spider Nest.
             The game lasted 01:05:28 (26499 turns).

Duffy the Severer (Deep Dwarf Gladiator)           Turns: 26499, Time: 01:05:28

Health: 110/152    AC: 26    Str: 21    XL:     16   Next: 26%
Magic:  23/23      EV: 18    Int:  9    God:    Makhleb [******]
Gold:   1692       SH:  0    Dex: 18    Spells: 0 memorised, 15 levels left

rFire  . . .     SeeInvis .     a - +0 executioner's axe (freeze)
rCold  . . .     Gourm    .     S - +2 chain mail {rPois}
rNeg   + . .     Faith    .     (shield currently unavailable)
rPois  +         Spirit   .     s - +2 hat
rElec  .         Dismiss  .     K - +0 cloak
rCorr  +         Reflect  .     v - +2 pair of gloves
SustAt .         Harm     .     m - +2 pair of boots
MR     ++...                    Z - amulet of resist corrosion
Stlth  ..........               N - +2 ring of slaying
                                Q - +2 ring of evasion

@: non-regenerating, very resistant to hostile enchantments, extremely
unstealthy
A: damage resistance, recharge devices, negative energy resistance 1, sense
surroundings 2, slow regeneration 3
a: Device Recharging, Minor Destruction, Lesser Servant of Makhleb, Major
Destruction, Greater Servant of Makhleb, Renounce Religion


You were on level 3 of the Spider Nest.
You worshipped Makhleb.
Makhleb was exalted by your worship.
You were not hungry.

You visited 5 branches of the dungeon, and saw 28 of its levels.

You collected 2920 gold pieces.
You spent 1228 gold pieces at shops.


Innate Abilities, Weirdness & Mutations

You are resistant to damage.
You can recharge devices by infusing magical energy.
You resist negative energy.
You passively map the area around you.
You do not regenerate naturally.


   Skills:
 - Level 12.3 Fighting
 + Level 18.3 Axes
 - Level 1.8 Throwing
 - Level 14.5 Armour
 - Level 12.7 Dodging
 - Level 7.2 Invocations
 - Level 10.0 Evocations


You had 15 spell levels left.
You didn't know any spells.

Inventory:

Hand Weapons
 a - a +0 executioner's axe of freezing (weapon)
 b - a +0 blowgun
Missiles
 d - 5 throwing nets (quivered)
 g - 123 poisoned needles
Armour
 m - a +2 pair of boots (worn)
 s - a +2 hat (worn)
 v - a +2 pair of gloves (worn)
 K - a +0 cloak (worn)
 S - a +2 chain mail of poison resistance (worn)
Jewellery
 l - an uncursed ring of protection from cold
 w - an uncursed ring of sustain attributes
 y - an uncursed ring of protection from magic
 N - a +2 ring of slaying (right hand)
 P - an uncursed ring of poison resistance
 Q - a +2 ring of evasion (left hand)
 R - an uncursed ring of protection from fire
 Z - an amulet of resist corrosion (around neck)
Wands
 c - a wand of hasting (6)
 e - a wand of heal wounds (5)
 D - a wand of disintegration (13)
 X - a wand of enslavement (15)
Scrolls
 f - a scroll of recharging
 k - 5 scrolls of enchant armour
 n - 3 scrolls of identify
 o - 8 scrolls of fog
 p - a scroll of holy word
 z - 8 scrolls of remove curse
 A - 11 scrolls of teleportation
 I - 5 scrolls of magic mapping
 M - 8 scrolls of blinking
 T - 3 scrolls of fear
Potions
 j - a potion of resistance
 q - a potion of might
 r - 6 potions of curing
 u - 4 potions of magic
 B - 4 potions of agility
 G - 5 potions of lignification
 H - a potion of berserk rage
 U - 2 potions of flight
 W - a potion of cancellation
Miscellaneous
 i - a lamp of fire
Comestibles
 h - 4 fruits
 C - 7 royal jellies
 V - a bread ration

Dungeon Overview and Level Annotations

Branches:
Dungeon (15/15)            Temple (0/1) D:7            Lair (7/8) D:8
 Shoals (0/4) Lair:4       Spider (3/4) Lair:4        Slime (0/6) Lair:7
    Orc (2/2) D:10            Elf (1/3) Orc:2        Vaults (0/5) D:14
 Depths (0/5) D:15

Altars:
Ashenzari
Cheibriados
Gozag
Makhleb
Nemelex Xobeh
Pakellas
Sif Muna
Zin
The Shining One
Beogh

Shops:
D:9 [   D:10 ([   D:12 =   D:14 %   Orc:2 (*}?

Annotations:
D:3 JokEr's ghost, amateur OpTm
D:14 exclusion: Roxanne, Roxanne


Message History

Press: ? - help, Shift-Dir - straight line, f - you You feel much better.
This wand has 4 charges left.
Evoke which item? (* to show all) (? for menu, Esc to quit)
Zapping:
e - a wand of heal wounds (4)
Press: ? - help, Shift-Dir - straight line, f - you You feel much better.
This wand has 3 charges left.
Evoke which item? (* to show all) (? for menu, Esc to quit)
Zapping:
e - a wand of heal wounds (3)
Press: ? - help, Shift-Dir - straight line, f - you You feel much better.
This wand has 2 charges left.
Read which item? (? for menu, Esc to quit)
Charge which item? (? for menu, Esc to quit)
As you read the scroll of recharging, it crumbles to dust.
Your wand of heal wounds (2) glows for a moment and now has 5 charges.
Found 20 stones.
Found 22 stones.
Done exploring.
Done exploring.
Done exploring.
(D) Dungeon (T) Temple (L) Lair (A) Shoals (N) Spider Nest (M) Slime Pits (O) Orcish Mines (E) Elven Halls (V) Vaults (U) Depths
Where to? (* - list waypoints, Enter - Spider:2, ? - help)
There is a stone staircase leading down here.
You climb downwards.
There is a stone staircase leading up here.
Drink which item? (? for menu, Esc to quit)
Okay, then.
Drink which item? (? for menu, Esc to quit)
Okay, then.
Unknown command.
Welcome back, Duffy the Deep Dwarf Gladiator.
Blood and souls for Makhleb!
Press ? for a list of commands and other information.
Are you sure you want to abandon this character and quit the game? (Confirm with "yes".)

* * , *
, **, *
*** , ,
,* ,, ,,
,, , * ,
*, , ,,
,*### ,
* *
####..,
, *
,##....
, *
##....
** *
###....#
,
#.....@#
, ,
#..#####
, * **,,
, , , *
* * * *
* , * *
,* , * *
, , * ,,
* , ,,
*, * , ,
, , * ,
*


There were no monsters in sight!

Action                   |  1- 3 |  4- 6 |  7- 9 | 10-12 | 13-15 | 16-18 || total
-------------------------+-------+-------+-------+-------+-------+-------++-------
Melee: War axe           |    14 |    53 |   266 |   912 |  1628 |     1 ||  2874
       Whip              |   115 |   113 |    15 |    63 |    41 |       ||   347
       Hand axe          |       |       |       |     9 |    37 |       ||    46
       Battleaxe         |       |       |       |       |    91 |    82 ||   173
       Executioner's axe |       |       |       |       |       |   108 ||   108
 Fire: Blowgun           |       |       |       |       |    13 |       ||    13
Throw: Throwing net      |     2 |       |       |       |       |       ||     2
Invok: Lesser Servant of |       |       |       |     7 |    14 |       ||    21
Evoke: Wand              |     1 |     1 |     5 |     2 |    20 |     4 ||    33
  Use: Scroll            |       |     7 |     8 |     3 |    20 |     8 ||    46
       Potion            |       |       |     2 |       |     9 |     1 ||    12
 Stab: Sleeping          |     1 |     4 |     3 |       |       |       ||     8
       Held in net/web   |     1 |       |       |       |       |       ||     1
       Distracted        |       |       |       |     2 |     5 |       ||     7
  Eat: Chunk             |     1 |     9 |    11 |    20 |    41 |     1 ||    83
       Royal jelly       |       |       |       |       |     2 |     2 ||     4

Notes
Turn   | Place    | Note
--------------------------------------------------------------
     0 | D:1      | Duffy the Deep Dwarf Gladiator began the quest for the Orb.
     0 | D:1      | Reached XP level 1. HP: 19/19 MP: 1/1
   130 | D:1      | Reached XP level 2. HP: 24/26 MP: 2/2
   150 | D:1      | Reached skill level 4 in Axes
   369 | D:1      | Reached skill level 2 in Fighting
   601 | D:1      | Reached XP level 3. HP: 12/32 MP: 3/3
  1114 | D:2      | Reached skill level 5 in Axes
  1114 | D:2      | Reached XP level 4. HP: 25/40 MP: 4/4
  1725 | D:3      | Found an oddly glowing altar of Pakellas.
  1725 | D:3      | Found a shattered altar of Ashenzari.
  1726 | D:3      | Found a burning altar of Makhleb.
  1734 | D:3      | Became a worshipper of Makhleb the Destroyer
  1802 | D:3      | Found a sparkling altar of Nemelex Xobeh.
  1803 | D:3      | Found an opulent altar of Gozag.
  1911 | D:3      | Noticed JokEr's ghost (amateur OpTm)
  2391 | D:3      | Reached XP level 5. HP: 24/46 MP: 5/5
  2451 | D:3      | Noticed Purgy
  2580 | D:4      | Reached skill level 6 in Axes
  2580 | D:4      | Reached skill level 1 in Invocations
  2624 | D:4      | Reached * piety under Makhleb
  2624 | D:4      | Reached skill level 2 in Invocations
  2857 | D:4      | Reached skill level 3 in Invocations
  2857 | D:4      | Reached XP level 6. HP: 41/55 MP: 8/8
  2928 | D:4      | Found an oddly glowing altar of Pakellas.
  3664 | D:5      | Entered Level 5 of the Dungeon
  3801 | D:5      | Reached skill level 4 in Invocations
  3852 | D:5      | Reached skill level 7 in Axes
  3925 | D:5      | Reached skill level 3 in Fighting
  3925 | D:5      | Reached XP level 7. HP: 26/62 MP: 10/10
  4419 | D:6      | Noticed Eustachio
  4425 | D:6      | Killed Eustachio
  4565 | D:6      | Reached ** piety under Makhleb
  4758 | D:6      | Reached skill level 4 in Fighting
  4758 | D:6      | Reached skill level 8 in Axes
  5260 | D:7      | Reached XP level 8. HP: 61/73 MP: 11/11
  5329 | D:7      | Reached skill level 5 in Fighting
  5446 | D:7      | Reached skill level 9 in Axes
  5520 | D:7      | Found a staircase to the Ecumenical Temple.
  5737 | D:7      | Noticed Duvessa
  5738 | D:7      | Noticed Dowan
  5784 | D:7      | Killed Duvessa
  5793 | D:7      | Killed Dowan
  5793 | D:7      | Reached skill level 6 in Fighting
  5939 | D:7      | You fall through a shaft for 2 floors!
  5939 | D:9      | Noticed AtfirstIwasafraid's ghost (journeyman NaFi)
  5972 | D:8      | Noticed an angel
  5973 | D:8      | Found a glowing silver altar of Zin.
  6023 | D:8      | Reached skill level 10 in Axes
  6023 | D:8      | Gained mutation: You passively map the area around you. [Deep Dwarf growth]
  6023 | D:8      | Reached XP level 9. HP: 51/85 MP: 12/12
  6101 | D:8      | Reached skill level 7 in Fighting
  6104 | D:8      | Reached *** piety under Makhleb
  6108 | D:8      | Noticed an elephant
  6109 | D:8      | Found a staircase to the Lair.
  6189 | D:8      | Killed an elephant
  6189 | D:8      | Reached skill level 2 in Armour
  6198 | D:8      | Reached skill level 3 in Armour
  6214 | D:8      | Reached skill level 11 in Axes
  6447 | D:7      | Found a snail-covered altar of Cheibriados.
  6448 | D:7      | Found a deep blue altar of Sif Muna.
  6527 | D:7      | Reached skill level 4 in Armour
  6716 | D:3      | Killed Purgy
  7011 | D:7      | Noticed Crazy Yiuf
  7026 | D:7      | Killed Crazy Yiuf
  7237 | D:8      | Reached skill level 5 in Armour
  7381 | D:8      | Reached XP level 10. HP: 63/94 MP: 13/13
  7392 | D:8      | Noticed a queen ant
  7403 | D:7      | Reached **** piety under Makhleb
  7507 | D:7      | Reached skill level 6 in Armour
  7578 | D:7      | Reached skill level 12 in Axes
  7646 | D:8      | Killed a queen ant
  7794 | D:8      | Reached skill level 7 in Armour
  7891 | D:8      | Reached skill level 8 in Armour
  8034 | D:8      | Reached skill level 13 in Axes
  8055 | D:8      | Reached ***** piety under Makhleb
  8230 | D:9      | Reached skill level 5 in Invocations
  8309 | D:9      | Reached XP level 11. HP: 100/100 MP: 14/14
  8435 | D:9      | Killed AtfirstIwasafraid's ghost
  8435 | D:9      | Reached skill level 6 in Invocations
  8589 | D:9      | Noticed Pikel
  8623 | D:9      | Killed Pikel
  8623 | D:9      | Reached skill level 4 in Dodging
  8656 | D:9      | Found Rautwid's Armour Shop.
  8945 | D:10     | Entered Level 10 of the Dungeon
  8945 | D:10     | Found Risu's Weapon Emporium.
  8947 | D:10     | Found a staircase to the Orcish Mines.
  8950 | D:10     | Found Ommoh's Armour Emporium.
  8998 | D:10     | Bought a +0 pair of gloves for 63 gold pieces
  9065 | D:10     | Noticed Erolcha
  9086 | D:10     | Killed Erolcha
  9086 | D:10     | Reached skill level 7 in Invocations
  9118 | D:10     | Noticed a hill giant
  9143 | D:10     | Killed a hill giant
  9143 | D:10     | Reached skill level 14 in Axes
  9362 | D:11     | Reached skill level 9 in Armour
  9607 | D:11     | Reached skill level 5 in Dodging
  9971 | D:11     | Reached ****** piety under Makhleb
 10098 | D:11     | Reached skill level 8 in Fighting
 10208 | D:12     | Reached XP level 12. HP: 95/110 MP: 17/17
 10320 | D:12     | Noticed conein's ghost (adept MiFi)
 10422 | Lair:1   | Entered Level 1 of the Lair of Beasts
 10659 | Lair:1   | Reached skill level 15 in Axes
 10687 | Lair:1   | Reached skill level 6 in Dodging
 10807 | Lair:1   | Reached skill level 10 in Armour
 11481 | Lair:1   | Noticed a fire dragon
 11523 | Lair:1   | Killed a fire dragon
 11980 | Lair:2   | Reached skill level 7 in Dodging
 12032 | Lair:2   | Reached skill level 9 in Fighting
 13016 | Lair:3   | Reached skill level 11 in Armour
 13146 | Lair:1   | Noticed a five-headed hydra
 13160 | Lair:1   | Killed a one-headed hydra
 13160 | Lair:1   | Reached XP level 13. HP: 119/121 MP: 18/18
 13322 | Lair:3   | Reached skill level 8 in Dodging
 13792 | Lair:3   | Reached skill level 16 in Axes
 14192 | Lair:4   | Found a staircase to the Shoals.
 14313 | Lair:4   | Found a hole to the Spider Nest.
 14492 | Lair:4   | Reached skill level 10 in Fighting
 14627 | Lair:4   | Reached skill level 9 in Dodging
 14899 | Lair:5   | Reached skill level 12 in Armour
 15879 | Lair:6   | Reached skill level 10 in Dodging
 16331 | Lair:6   | Reached skill level 2 in Evocations
 16384 | Lair:7   | Reached skill level 3 in Evocations
 16384 | Lair:7   | Gained mutation: You resist negative energy. [Deep Dwarf growth]
 16384 | Lair:7   | Reached XP level 14. HP: 127/133 MP: 19/19
 16403 | Lair:7   | Reached skill level 4 in Evocations
 16432 | Lair:7   | Reached skill level 5 in Evocations
 16726 | Lair:7   | Found a staircase to the Slime Pits.
 16755 | Lair:7   | Reached skill level 6 in Evocations
 16899 | Lair:7   | Reached skill level 7 in Evocations
 17251 | Lair:7   | Noticed Josephine
 17259 | Lair:7   | Reached skill level 8 in Evocations
 17269 | Lair:7   | Killed Josephine
 17336 | Lair:7   | Reached skill level 9 in Evocations
 17741 | D:12     | Killed conein's ghost
 17741 | D:12     | Reached skill level 10 in Evocations
 17810 | D:12     | Found Zantelust's Jewellery Boutique.
 19368 | D:13     | Reached skill level 11 in Dodging
 19918 | D:14     | Noticed Roxanne
 19945 | D:14     | Noticed Frances
 19986 | D:14     | Killed Frances
 19986 | D:14     | Reached skill level 11 in Fighting
 20150 | D:14     | Found Axzopn's Food Shoppe.
 20225 | D:14     | Noticed Azrael
 20287 | D:14     | Killed Azrael
 20445 | D:14     | Reached skill level 13 in Armour
 20702 | D:14     | Found a gate to the Vaults.
 20780 | D:14     | Reached XP level 15. HP: 123/141 MP: 22/22
 20783 | D:14     | Noticed Agnes
 20794 | D:14     | Killed Agnes
 20934 | D:14     | Noticed Nessos
 20941 | D:14     | Killed Nessos
 21221 | D:10     | Found a glowing golden altar of the Shining One.
 21709 | Orc:1    | Entered Level 1 of the Orcish Mines
 22039 | Orc:1    | Reached skill level 17 in Axes
 22350 | Orc:2    | Entered Level 2 of the Orcish Mines
 22350 | Orc:2    | Found Kumav's Gadget Shoppe.
 22573 | Orc:2    | Found Ygar's Antique Weapon Emporium.
 22607 | Orc:2    | Found Mischusat's Magic Scroll Shop.
 22613 | Orc:2    | Reached skill level 12 in Dodging
 22629 | Orc:2    | Found Hetanyny's General Store.
 22794 | Orc:2    | Found a staircase to the Elven Halls.
 22816 | Orc:2    | Found a roughly hewn altar of Beogh.
 23188 | Orc:2    | Bought a scroll of identify for 26 gold pieces
 23195 | Orc:2    | Bought a scroll of fog for 36 gold pieces
 23195 | Orc:2    | Bought a scroll of brand weapon for 360 gold pieces
 23195 | Orc:2    | Bought a scroll of blinking for 135 gold pieces
 23195 | Orc:2    | Bought a scroll of identify for 36 gold pieces
 23195 | Orc:2    | Bought a scroll of identify for 36 gold pieces
 23195 | Orc:2    | Bought a scroll of blinking for 135 gold pieces
 23195 | Orc:2    | Bought a scroll of blinking for 135 gold pieces
 23195 | Orc:2    | Bought a scroll of identify for 36 gold pieces
 23195 | Orc:2    | Bought a scroll of identify for 36 gold pieces
 23203 | Orc:2    | Bought a scroll of enchant armour for 97 gold pieces
 23203 | Orc:2    | Bought a scroll of enchant armour for 97 gold pieces
 23414 | D:15     | Entered Level 15 of the Dungeon
 23502 | D:15     | Found a staircase to the Depths.
 23980 | D:15     | Reached skill level 14 in Armour
 24118 | D:15     | Reached skill level 12 in Fighting
 24421 | Elf:1    | Entered Level 1 of the Elven Halls
 25475 | Spider:1 | Entered Level 1 of the Spider Nest
 25574 | Lair:4   | Reached XP level 16. HP: 98/152 MP: 23/23
 26216 | Spider:2 | Reached skill level 18 in Axes
 26499 | Spider:3 | Quit the game

Vault maps used:
D:1:      lightli_arrival_boilingwater, kennysheep_nondescript, minivault_26,
          serial_bayou_ford_a
D:2:      corexii_shack
D:3:      grunt_temple_overflow_opulence, gammafunk_temple_overflow_forgotten,
          serial_bayou_pond_e, st_stairs_11, uniq_purgy
D:4:      johnstein_pakellas_dig
D:5:      first_bread
D:6:      uniq_eustachio
D:7:      gammafunk_temple_overflow_pools,
          minmay_temple_entry_statues_fountains, uniq_duvessa,
          uniq_crazy_yiuf_cottage
D:8:      zin_angel, david_lair_generic, minivault_29
D:9:      serial_shops, nicolae_shop_behind_doors, david_nohive_1,
          grunt_ministairs_2, uniq_pikel
D:10:     orc_david_3, basic_altar, centaur_isle, uniq_erolcha
D:12:     serial_shops, nicolae_shop_trees
D:14:     david_vaults_1, serial_bayou_pond_b, serial_shops, shop, uniq_roxanne,
          uniq_azrael, uniq_nessos, uniq_agnes, uniq_frances
D:15:     hangedman_depths_entry_try_elsewhere_first, minmay_fountain_box
Lair:1:   dragon1_lemuel, grunt_megastairs_2, serial_bayou_shore_a
Lair:2:   grunt_megastairs_1
Lair:3:   st_stairs_6, beast_lair_carwin_5, bh_autumn_forest_stairs
Lair:4:   minmay_shoals_entry_lonely_mermaid, spider_nest_entry_webs
Lair:5:   infiniplex_staircase_pool
Lair:6:   lookout_lair_type, minmay_lair_drake_nest, lemuel_fruit_fields
Lair:7:   slime_dummy, uniq_josephine
Spider:3: nicolae_orb_island, uniq_nikola
Orc:2:    st_orc_open, basic_altar
Elf:1:    eino_elf_arrival_customs, minmay_elf_necromancy, grunt_megastairs_5

Vanquished Creatures
  The ghost of conein the Peltast, an adept MiFi of Okawaru Frances Agnes
  2 emperor scorpions
  An orc warlord Azrael Nessos
  A dire elephant
  A fire dragon Josephine
  7 hydras
  The ghost of AtfirstIwasafraid the Carver, a journeyman NaFi of Pakellas
  A catoblepas Erolcha
  4 centaur warriors
  6 death yaks
  2 ogre magi
  2 tengu warriors
  A dancing weapon
  An orc high priest
  A queen ant
  2 unseen horrors
  2 deep trolls
  12 hill giants
  3 deep elf archers Pikel
  13 deep elf magi
  4 cyclopes
  2 ugly things
  2 moths of wrath
  6 wolf spiders
  16 elephants
  A centaur zombie
  A siren
  2 manticores
  4 black mambas
  5 gargoyles
  16 spiny frogs
  A kobold demonologist
  6 komodo dragons
  8 demonic crawlers
  An efreet
  5 fire drakes
  A tengu conjurer
  20 trolls
  A queen bee
  3 polar bears
  7 jumping spiders
  7 two-headed ogres
  6 slime creatures
  2 boulder beetles
  32 blink frogs
  7 trapdoor spiders
  A trapdoor spider (shapeshifter)
  6 wraiths
  6 tarantellas
  23 redbacks
  4 shadows
  A wyvern
  A vampire Eustachio
  24 yaks
  A basilisk
  2 water elementals
  A steam dragon
  2 hungry ghosts
  4 fire elementals
  8 vampire mosquitoes
  5 wargs
  11 hippogriffs
  2 hell hounds
  21 soldier ants
  14 wolves
  13 water moccasins
  13 porcupines Duvessa
  23 orc warriors Purgy
  2 phantoms
  28 ogres
  3 black bears
  2 wasps
  25 centaurs
  A slave
  5 ice beasts
  2 sky beasts
  13 crocodiles
  5 big kobolds
  14 giant frogs Dowan
  2 earth elementals
  A wyvern skeleton
  5 scorpions
  24 killer bees
  3 giant frog zombies
  5 wights
  6 crimson imps
  4 jellies
  3 electric eels
  A hound Crazy Yiuf
  4 centaur skeletons
  A quasit
  12 orc priests
  3 giant frog skeletons
  3 gnoll shamans
  25 worker ants
  14 iguanas
  4 hell rats
  15 orc wizards
  13 sheep
  3 hound skeletons
  24 river rats
  17 gnolls
  8 shadow imps
  14 adders
  An ooze
  2 adder zombies
  2 adder skeletons
  4 worms
  4 giant geckos
  67 orcs
  4 ball pythons
  8 bats
  3 giant cockroaches
  10 goblins
  8 hobgoblins
  9 jackals
  18 kobolds
  7 quokkas
  6 giant newts
  A jackal skeleton
  A quokka zombie
  7 rats
  17 fungi
  4 plants
925 creatures vanquished.
